 Dungeon Sprint DCSS version 0.18-a0-1788-g92de1ac (webtiles) character file.

2992 PunPun the Brilliant (level 10, -2/68 HPs)
             Began as a Kobold Fighter on Apr 21, 2016.
             Was a High Priest of Pakellas.
             Slain by a black mamba (14 damage)
             ... in the Dungeon (Sprint IX: "|||||||||||||||||||||||||||||").
             The game lasted 00:02:22 (1151 turns).

PunPun the Brilliant (Kobold Fighter)               Turns: 1151, Time: 00:02:24

Health: -2/68      AC: 15    Str: 20    XL:     10   Next: 9%
Magic:  18/18      EV: 12    Int:  9    God:    Pakellas [*****.]
Gold:   0          SH: 12    Dex: 19    Spells: 0 memorised, 9 levels left

rFire  . . .     SeeInvis .     o - +2 rapier (elec)
rCold  . . .     Gourm    .     r - +1 chain mail
rNeg   . . .     Faith    .     c - +0 shield
rPois  .         Spirit   .     q - +0 helmet
rElec  .         Dismiss  .     (no cloak)
rCorr  .         Reflect  .     p - +0 pair of gloves
SustAt .         Harm     .     (no boots)
MR     .....     NoTele   +     (no amulet)
Stlth  ++........               t - +2 ring of evasion
                                s - +3 ring of intelligence

@: mighty, lethally poisoned (-2 -> -5), not resistant to hostile enchantments,
unstealthy
A: carnivore 3
a: Quick Charge, Device Surge, Renounce Religion


You were in the Dungeon.
You worshipped Pakellas.
Pakellas was extremely pleased with you.
You were not hungry.

You visited 1 branch

Inventory:

Hand Weapons
 o - a +2 rapier of electrocution (weapon)
Armour
 c - a +0 shield (worn)
 p - a +0 pair of gloves (worn)
 q - a +0 helmet (worn)
 r - a +1 chain mail (worn)
Jewellery
 s - a +3 ring of intelligence (left hand)
 t - a +2 ring of evasion (right hand)
Wands
 a - a wand of paralysis (16/24)
 b - a wand of confusion (29/48)
 n - a wand of lightning (4/15)
Scrolls
 k - 2 scrolls of blinking
 l - 3 scrolls of remove curse
 m - 3 scrolls of amnesia
 w - 3 scrolls of fear
 x - a scroll of identify
 y - a scroll of fog
Potions
 d - a potion of might
 e - 4 potions of curing
 g - 4 potions of heal wounds
 h - 2 potions of haste
 i - 4 potions of magic
 j - a potion of agility
 v - a potion of berserk rage
Miscellaneous
 u - a lamp of fire
Comestibles
 f - a meat ration


   Skills:
 + Level 10.8 Fighting
 + Level 10.9 Short Blades
 + Level 9.7 Armour
 + Level 3.4 Dodging
 + Level 10.3 Stealth
 + Level 7.4 Shields
 * Level 11.2 Evocations


You had 9 spell levels left.
You didn't know any spells.

Dungeon Overview and Level Annotations

Branches:
Dungeon (1/1)

Altars:
Cheibriados
Dithmenos
Elyvilon
Fedhas
Gozag
Kikubaaqudgha
Makhleb
Nemelex Xobeh
Okawaru
Pakellas
Qazlal
Ru
Sif Muna
Trog
Vehumet
Xom
Yredelemnul
Zin
The Shining One
Beogh
Jiyva
Lugonu


Innate Abilities, Weirdness & Mutations

You are small and have problems with some larger weapons.
You are carnivorous and can eat meat at any time.


Message History

* * * LOW HITPOINT WARNING * * *
The blink frog blinks!
You puncture the black mamba!
The black mamba is moderately wounded.
You block the black mamba's attack.
The blink frog blinks!
You puncture the black mamba!
The black mamba is heavily wounded.
You feel sick. You block the black mamba's attack.
The black mamba barely misses you.
You puncture the black mamba!
The black mamba is severely wounded.
The black mamba closely misses you. You block the blink frog's attack.
You closely miss the black mamba.
The black mamba is severely wounded.
You feel sick. The black mamba bites you.
* * * LOW HITPOINT WARNING * * *
The blink frog hits you but does no damage.
The black mamba bites you!
You die...
Pakellas says: Time to find a new assistant...

▓'▓.▓.▓
▓_▓.▓.▓
▓_▓.▓.▓
▓_▓.▓.▓
▓_▓.▓§▓
▓_▓.▓\▓
▓_▓.▓.▓
▓_▓.▓F▓
▓_▓.▓@▓
▓_▓.▓S▓
▓_▓.▓.▓
▓_▓.▓†▓
▓_▓.▓.▓
▓_▓.▓.▓
▓_▓.▓.▓
▓_▓.▓+▓
▓_▓.▓


You could see a black mamba and a blink frog.

Vanquished Creatures
  A tengu warrior (D)
  An unseen horror (D)
  2 ugly things (D)
  A spiny frog (D)
  A yak (D)
  A water moccasin (D)
  A porcupine (D)
  A phantom (D)
  A wolf (D)
  A centaur (D)
  A giant frog (D)
  A scorpion (D)
  A crimson imp (D)
  A jelly (D)
  2 iguanas (D)
  A worker ant (D)
  An adder (D)
  A shadow imp (D)
  An adder skeleton (D)
  2 orcs (D)
  A bat (D)
  A giant cockroach (D)
  2 kobolds (D)
  2 rats (D)
29 creatures vanquished.

Notes
Turn   | Place    | Note
--------------------------------------------------------------
     0 | D        | PunPun the Kobold Fighter began the quest for the Orb.
     0 | D        | Reached XP level 1. HP: 14/14 MP: 1/1
     4 | D        | Reached skill level 1 in Stealth
   192 | D        | Noticed a crimson imp
   194 | D        | Reached XP level 2. HP: 17/20 MP: 2/2
   205 | D        | Killed a crimson imp
   205 | D        | Reached skill level 5 in Fighting
   205 | D        | Reached XP level 3. HP: 26/26 MP: 3/3
   210 | D        | Reached XP level 4. HP: 29/31 MP: 4/4
   246 | D        | Found a glowing silver altar of Zin.
   246 | D        | Found a glowing golden altar of the Shining One.
   246 | D        | Found an ancient bone altar of Kikubaaqudgha.
   246 | D        | Found a basalt altar of Yredelemnul.
   246 | D        | Found a shimmering altar of Xom.
   246 | D        | Found a radiant altar of Vehumet.
   247 | D        | Found an iron altar of Okawaru.
   248 | D        | Found a burning altar of Makhleb.
   249 | D        | Found a deep blue altar of Sif Muna.
   250 | D        | Found a bloodstained altar of Trog.
   251 | D        | Found a sparkling altar of Nemelex Xobeh.
   252 | D        | Found a white marble altar of Elyvilon.
   253 | D        | Found a roughly hewn altar of Beogh.
   254 | D        | Found a viscous altar of Jiyva.
   255 | D        | Found a corrupted altar of Lugonu.
   256 | D        | Found a blossoming altar of Fedhas.
   257 | D        | Found a snail-covered altar of Cheibriados.
   258 | D        | Found a shadowy altar of Dithmenos.
   259 | D        | Found a stormy altar of Qazlal.
   260 | D        | Found an opulent altar of Gozag.
   261 | D        | Found a sacrificial altar of Ru.
   262 | D        | Found an oddly glowing altar of Pakellas.
   270 | D        | Became a worshipper of Pakellas the Inventive
   316 | D        | Noticed a centaur
   316 | D        | Noticed a phantom
   324 | D        | Reached skill level 1 in Evocations
   330 | D        | Reached * piety under Pakellas
   330 | D        | Received a gift from Pakellas
   335 | D        | Killed a centaur
   335 | D        | Reached skill level 5 in Armour
   335 | D        | Reached skill level 3 in Evocations
   335 | D        | Reached XP level 5. HP: 29/37 MP: 5/7
   344 | D        | Reached ** piety under Pakellas
   344 | D        | Received a gift from Pakellas
   344 | D        | Reached skill level 5 in Short Blades
   344 | D        | Reached skill level 4 in Evocations
   344 | D        | Reached XP level 6. HP: 13/44 MP: 6/9
   347 | D        | Killed a phantom
   347 | D        | Reached skill level 1 in Dodging
   347 | D        | Reached skill level 5 in Shields
   347 | D        | Reached skill level 5 in Evocations
   699 | D        | Noticed a purple ugly thing
   699 | D        | Noticed a purple ugly thing
   699 | D        | Noticed a tengu warrior
   711 | D        | Killed a green ugly thing
   711 | D        | Reached skill level 5 in Stealth
   711 | D        | Reached skill level 7 in Evocations
   711 | D        | Reached XP level 7. HP: 28/50 MP: 8/12
   713 | D        | Reached *** piety under Pakellas
   713 | D        | Received a gift from Pakellas
   724 | D        | Killed an unseen horror
   724 | D        | Reached skill level 8 in Evocations
   724 | D        | Reached XP level 8. HP: 26/57 MP: 11/14
   730 | D        | Killed a purple ugly thing
   730 | D        | Reached skill level 10 in Fighting
   730 | D        | Reached skill level 9 in Evocations
   730 | D        | Reached XP level 9. HP: 30/62 MP: 11/16
   731 | D        | Killed a tengu warrior
   731 | D        | Reached **** piety under Pakellas
   731 | D        | Received a gift from Pakellas
   731 | D        | Reached skill level 10 in Short Blades
   731 | D        | Reached skill level 10 in Evocations
  1126 | D        | Noticed a spiny frog
  1129 | D        | Reached ***** piety under Pakellas
  1129 | D        | Received a gift from Pakellas
  1130 | D        | Killed a spiny frog
  1130 | D        | Reached skill level 10 in Stealth
  1130 | D        | Reached skill level 11 in Evocations
  1130 | D        | Reached XP level 10. HP: 58/68 MP: 18/18
  1138 | D        | Noticed a black mamba
  1151 | D        | Slain by a black mamba

Vault maps used:
D:        linesprint

Skill      XL: |  1  2  3  4  5  6  7  8  9 |
---------------+----------------------------+-----
Stealth        | 2 3 4 5 7 8 10 | 10.3
Fighting       | 5 6 7 8 9 10 | 10.8
Short Blades   | 3 4 5 7 9 10 | 10.9
Armour         | 3 5 7 8 9 |  9.7
Shields        | 3 4 6 7 |  7.4
Evocations     | 3 4 7 8 9 11 | 11.2
Dodging        | 1 2 3 |  3.4

Action                   |  1- 3 |  4- 6 |  7- 9 | 10-12 || total
-------------------------+-------+-------+-------+-------++-------
Melee: Rapier            |    26 |    37 |    20 |     9 ||    92
Evoke: Wand              |       |     1 |     2 |       ||     3
       Phantom mirror    |       |       |     1 |       ||     1
       Lamp of fire      |       |       |     1 |       ||     1
  Use: Potion            |     1 |     2 |     1 |     1 ||     5
 Stab: Invisible         |       |     3 |     3 |       ||     6
  Eat: Chunk             |     2 |       |     3 |       ||     5
Armor: Scale mail        |     9 |       |       |       ||     9
       Chain mail        |       |    16 |    12 |     6 ||    34
Dodge: Dodged            |     3 |     5 |     4 |     4 ||    16
Block: Shield            |     6 |    13 |     4 |     8 ||    31
